 Dungeon Crawl Stone Soup version 0.29.1-2-gbd0b4ee654 (webtiles) character file.

Game seed: 15272945598601960175

369 McKennaii the Conjurer (level 6, -6/45 HPs)
             Began as a Demigod Conjurer on Nov 10, 2022.
             Killed by divine providence
             ... invoked by an orc priest
              (12 damage)
             ... on level 4 of the Dungeon.
             The game lasted 00:04:16 (5475 turns).

McKennaii the Conjurer (Demigod Conjurer)           Turns: 5475, Time: 00:04:17

Health: -6/45      AC:  2    Str:  8    XL:     6   Next: 18%
Magic:  1/14       EV: 12    Int: 28    God:
Gold:   192        SH:  0    Dex: 12    Spells: 5/12 levels left

rFire   . . .      SeeInvis .   t - +3 whip
rCold   . . .      Faith    .   (no shield)
rNeg    . . .      Spirit   .   a - +0 robe
rPois   .          Reflect  .   (no helmet)
rElec   .          Harm     .   (no cloak)
rCorr   .          Rampage  .   (no gloves)
Will    .....                   (no boots)
Stlth   ++........              (no amulet)
HPRegen 0.15/turn               (no ring)
MPRegen 0.14/turn               (no ring)

@: no status effects
A: high MP 1, forlorn, divine attributes
a: no special abilities


You were on level 4 of the Dungeon.
You visited 1 branch of the dungeon, and saw 4 of its levels.

You collected 192 gold pieces.

Inventory:

Hand Weapons
 t - a +3 whip (weapon)
Missiles
 u - a throwing net
Armour
 a - a +0 robe (worn)
Wands
 o - a wand of paralysis (5)
 r - a wand of flame (15)
Scrolls
 c - 3 scrolls of teleportation {unknown}
 e - a scroll of enchant weapon {unknown}
 f - 3 scrolls of identify {unknown}
 h - 3 scrolls of noise {unknown}
 i - a scroll of poison {unknown}
 j - a scroll of butterflies {unknown}
 k - a scroll of torment {unknown}
 l - a scroll of amnesia {unknown}
 m - a scroll of blinking {unknown}
 p - 2 scrolls of immolation {unknown}
 v - a scroll of fear {unknown}
Potions
 b - a potion of magic
 d - 2 potions of mutation {unknown}
 g - 2 potions of lignification {unknown}
 n - a potion of heal wounds {unknown}
 q - a potion of haste {unknown}
 s - 2 potions of curing {unknown}
 w - a potion of degeneration {unknown}


   Skills:
 + Level 2.9 Dodging
 + Level 3.0 Stealth
 * Level 3.6 Spellcasting
 * Level 5.0 Conjurations


You had 5 spell levels left.
You knew the following spells:

 Your Spells              Type           Power      Damage    Failure   Level
a - Magic Dart            Conj           100%       1d8       1%          1
b - Searing Ray           Conj           66%        2d6       1%          2
c - Iskenderun's Mystic   Conj/Tloc      19%        2d6       26%         4

Your spell library contained the following spells:

 Spells                   Type           Power      Damage    Failure   Level
 Sandblast                Erth           10%        2d5       8%          1
 Dazzling Flash           Conj/Hex       38%        N/A       9%          3
 Stone Arrow              Conj/Erth      38%        3d9       9%          3
 Blink                    Tloc           10%        N/A       12%         2
 Passwall                 Tmut/Erth      4%         N/A       12%         2
 Gell's Gravitas          Tloc           5%         N/A       22%         3
 Lesser Beckoning         Tloc           5%         N/A       22%         3
 Teleport Other           Tloc           5%         N/A       22%         3
 Fulminant Prism          Conj/Hex       9%         3d7       26%         4
 Manifold Assault         Tloc           5%         N/A       91%         5


Dungeon Overview and Level Annotations

Branches:
Dungeon (4/15)
 Temple: D:4-7

Shops:
D:1 ?   D:2 *


Innate Abilities, Weirdness & Mutations

You have an increased reservoir of magic. (+10% MP)
You shall have no god before yourself.
Your divine heritage dramatically boosts your attributes as you level up.


Message History

The orc priest hits you but does no damage.
The magic dart hits the orc priest but does no damage.
The orc priest is severely wounded.
The orc priest invokes the aid of Beogh against you.
Pain shoots through your body!
You miscast Magic Dart.
You are very lightly contaminated with residual magic.
Nothing appears to happen.
The orc priest hits you with a +0 club.
The magic dart hits the orc priest but does no damage.
The orc priest is severely wounded.
The orc priest hits you with a +0 club.
The magic dart hits the orc priest but does no damage.
The orc priest is severely wounded.
The orc priest calls down the wrath of Beogh upon you.
Beogh smites you!
* * * LOW HITPOINT WARNING * * *
You hit the orc priest but do no damage.
Your punch misses the orc priest.
The orc priest is severely wounded.
The orc priest closely misses you.
You closely miss the orc priest.
The orc priest is severely wounded.
The orc priest hits you with a +0 club.
* * * LOW HITPOINT WARNING * * *
You hit the orc priest but do no damage.
The orc priest is severely wounded.
The orc priest hits you with a +0 club.
* * * LOW HITPOINT WARNING * * *
The orc priest hits you with a +0 club.
* * * LOW HITPOINT WARNING * * *
You hit the orc priest.
The orc priest is almost dead.
The orc priest hits you with a +0 club.
* * * LOW HITPOINT WARNING * * *
Your magical contamination has completely faded away.
You closely miss the orc priest.
The orc priest is almost dead.
The orc priest invokes the aid of Beogh against you.
Beogh smites you!
You die...

#.#.......#####.##(#
#.#.....#.# #.##.#
#.#....#### #..#.#
#.#.......#####..#.#
#.#..#...........#.#
#.#.....#.##~~~~.#.#
~.........)[~≈≈~.#.#
~~~~...~~~~≈≈≈≈~.#.#
≈≈≈~~~~~≈≈≈≈≈~~~@#.#
≈≈≈≈≈≈≈≈≈≈≈~~~#o.#.#
~~~≈≈≈≈≈~~~~.......#
##~~~~~~~.....#######
##..........<........
....####.###'########
....# #...........#
....####...........#
....##.............#


You could see an orc priest.

Vanquished Creatures
  A black bear (D:4)
  2 iguanas (D:4)
  2 orc wizards (D:4)
  3 gnolls (D:4)
  6 adders
  3 dart slugs
  10 orcs
  6 endoplasms
  5 giant cockroaches
  4 goblins
  2 hobgoblins
  4 jackals (D:3)
  5 quokkas
  8 ball pythons
  7 bats
  5 frilled lizards
  9 kobolds
  5 rats
87 creatures vanquished.

Notes
Turn   | Place    | Note
-------+----------+-------------------------------------------
     0 | D:1      | McKennaii the Demigod Conjurer began the quest for the Orb.
     0 | D:1      | Reached XP level 1. HP: 14/14 MP: 5/5
   470 | D:1      | Reached XP level 2. HP: 20/20 MP: 5/7
   942 | D:1      | Found Voat's Magic Scroll Emporium.
  1704 | D:2      | Reached XP level 3. HP: 26/26 MP: 5/9
  1816 | D:2      | Reached skill level 4 in Conjurations
  2080 | D:2      | Found Wess's General Store.
  2297 | D:2      | Identified the +0 robe "Baut" {rElec rPois rF- Str+4}
  3096 | D:3      | Reached XP level 4. HP: 33/33 MP: 2/10
  3099 | D:3      | Learned a level 2 spell: Searing Ray
  3104 | D:3      | Learned a level 4 spell: Iskenderun's Mystic Blast
  4094 | D:4      | Reached XP level 5. HP: 15/38 MP: 3/12
  4402 | D:4      | Noticed a black bear
  4410 | D:4      | Killed a black bear
  5292 | D:4      | Reached skill level 5 in Conjurations
  5292 | D:4      | Reached XP level 6. HP: 39/45 MP: 7/14
  5475 | D:4      | Killed from afar by an orc priest

Illustrated notes

Levels and vault maps discovered:
D:1:      dpeg_arrival_court, layout_basic, ebering_ecumenical_altar_rust,
          serial_shops, shop
D:2:      layout_loops_corners, serial_shops, shop, grunt_ministairs_8
D:3:      layout_rooms
D:4:      wander_river, layout_basic, xom_butterflies, minmay_tree_intersection

Skill      XL: |  1  2  3  4  5  6 |
---------------+-------------------+-----
Spellcasting   | 2 3 |  3.6
Stealth        | 2 3 |  3.0
Dodging        | 2 |  2.9
Conjurations   | 4 5 |  5.0

Action                   |  1- 3 |  4- 6 || total
-------------------------+-------+-------++-------
Melee: Whip              |       |     6 ||     6
 Cast: Magic Dart        |   108 |   105 ||   213
       Searing Ray       |       |     3 ||     3
Armor: Robe              |     1 |     3 ||     4
Dodge: Dodged            |    13 |    18 ||    31
